 Dungeon Crawl Stone Soup version 0.30-a0-297-g0ec75d9ef4 (webtiles) character file.

Game seed: 3390595933003446551

21 koil the Sneak (level 2, -9/14 HPs)
             Began as a Spriggan Enchanter on Oct 19, 2022.
             Killed by divine providence
             ... invoked by an orc priest
              (13 damage)
             ... on level 3 of the Dungeon.
             The game lasted 00:02:27 (1533 turns).

koil the Sneak (Spriggan Enchanter)                 Turns: 1533, Time: 00:02:29

Health: -9/14      AC:  3    Str:  4    XL:     2   Next: 65%
Magic:  2/6        EV: 17    Int: 16    God:
Gold:   88         SH:  0    Dex: 15    Spells: 4/6 levels left

rFire   . . .      SeeInvis +    a - +1 dagger
rCold   . . .      Faith    .    (no shield)
rNeg    . . .      Spirit   .    b - +0 robe
rPois   .          Reflect  .    (helmet restricted)
rElec   .          Harm     .    h - +0 cloak
rCorr   .          Rampage  .    (gloves unavailable)
Will    .....                    (boots unavailable)
Stlth   +++.......               (no amulet)
HPRegen 0.22/turn                (no ring)
MPRegen 0.10/turn                (no ring)

@: very quick
A: very small, no large weapons, unfitting armour, see invisible, speed 3
a: no special abilities


You were on level 3 of the Dungeon.
You visited 1 branch of the dungeon, and saw 3 of its levels.

You collected 88 gold pieces.

Inventory:

Hand Weapons
 a - a +1 dagger (weapon)
 r - a +1 whip of draining
Missiles
 q - 6 poisoned darts (quivered)
Armour
 b - a +0 robe (worn)
 h - a +0 cloak (worn)
Jewellery
 u - a ring of protection from fire
Wands
 p - a wand of flame (16)
Scrolls
 d - a scroll of immolation {unknown}
 e - a scroll of torment {unknown}
 f - 2 scrolls of noise {unknown}
 g - 2 scrolls of amnesia {unknown}
 k - a scroll of teleportation {unknown}
 o - 2 scrolls of identify {unknown}
 s - a scroll of enchant armour {unknown}
 t - a scroll of summoning {unknown}
Potions
 c - 2 potions of invisibility
 i - 3 potions of curing {unknown}
 j - a potion of magic {unknown}
 l - a potion of berserk rage {unknown}
 m - a potion of lignification {unknown}
 n - a potion of ambrosia {unknown}


   Skills:
 + Level 0.5 Fighting
 + Level 1.5 Short Blades
 + Level 3.1 Dodging
 + Level 4.7 Stealth
 + Level 2.9 Spellcasting
 + Level 3.8 Hexes


You had 4 spell levels left.
You knew the following spells:

 Your Spells              Type           Power      Damage    Failure   Level
a - Ensorcelled Hibernat  Hex/Ice        16%        N/A       13%         2

Your spell library contained the following spells:

 Spells                   Type           Power      Damage    Failure   Level
 Confusing Touch          Hex            14%        N/A       12%         3
 Tukima's Dance           Hex            14%        N/A       12%         3
 Dazzling Flash           Conj/Hex       16%        N/A       26%         3
 Summon Forest            Summ/Tloc      1%         N/A       99%         5
 Eringya's Noxious Bog    Tmut/Pois      1%         N/A       100%        6
 Summon Hydra             Summ           1%         N/A       100%        7


Dungeon Overview and Level Annotations

Branches:
Dungeon (3/15)

Altars:
Wu Jian

Shops:
D:3 [


Innate Abilities, Weirdness & Mutations

You are very small and have problems with some larger weapons.
You are too small for most types of armour.
You have supernaturally acute eyesight. (SInv)
You cover ground extremely quickly. (Speed+++)


Message History

There is a stone staircase leading down here.
You climb downwards.
Found Wophoxorgh's Antique Armour Emporium.
There is a stone staircase leading up here. 2 orcs come into view.
An orc is wielding a +2 dagger of flaming.
An orc priest comes into view. It is wielding a +0 club.
An orc comes into view. It is wielding a +0 club.
The orc hits you with a +2 dagger of flaming.
The orc burns you.
You hit the orc.
The orc is moderately wounded.
The orc shouts!
The orc priest shouts!
The orc shouts!
An orc comes into view. It is wielding a +0 club.
The orc shouts!
Casting: Ensorcelled Hibernation (safe; 13% risk of failure)
Confirm with . or Enter, or press ? or * to list all spells.
Aiming: Ensorcelled Hibernation (safe; 13% risk of failure)
Press: ? - help, Shift-Dir - straight line, f - orc
Aim: an orc, wielding a +2 dagger of flaming (moderately wounded, chance to affect: 59%)
The orc resists with significant effort.
Casting: Ensorcelled Hibernation (safe; 13% risk of failure)
Confirm with . or Enter, or press ? or * to list all spells.
Aiming: Ensorcelled Hibernation (safe; 13% risk of failure)
Press: ? - help, Shift-Dir - straight line, f/p - orc
Aim: an orc, wielding a +2 dagger of flaming (moderately wounded, chance to affect: 59%)
The orc resists with significant effort.
The orc hits you with a +2 dagger of flaming.
The orc burns you.
* * * LOW HITPOINT WARNING * * *
You barely miss the orc. You punch the orc.
The orc is severely wounded.
The orc barely misses you.
You hit the orc.
The orc is almost dead.
The orc barely misses you.
The orc priest invokes the aid of Beogh against you.
Beogh smites you!
Ouch! That really hurt!
You die...

#########
#.......#
#..<..∩.# .
#.####..# ...
#.......#.....
#.#####o......#
#....@ooo.o.....#
##########.#.####
.#.# ## #


You could see an orc priest and 4 orcs.

Vanquished Creatures
  2 ball pythons
  3 endoplasms
  4 goblins
  2 quokkas (D:1)
  3 bats
  3 frilled lizards
  6 rats
23 creatures vanquished.

Notes
Turn   | Place    | Note
-------+----------+-------------------------------------------
     0 | D:1      | koil the Spriggan Enchanter began the quest for the Orb.
     0 | D:1      | Reached XP level 1. HP: 9/9 MP: 5/5
   383 | D:1      | Reached XP level 2. HP: 9/14 MP: 6/6
   386 | D:1      | Learned a level 2 spell: Ensorcelled Hibernation
  1072 | D:2      | Found an ornate altar of the Wu Jian Council.
  1520 | D:3      | Found Wophoxorgh's Antique Armour Emporium.
  1533 | D:3      | Killed from afar by an orc priest

Illustrated notes

Levels and vault maps discovered:
D:1:      psy_arrival_terrarium, layout_loops_ring
D:2:      layout_loops_cross, basic_altar, guppyfry_early_lair_pool
D:3:      layout_basic, grunt_temple_overflow_lords_of_destruction,
          nicolae_overflow_crystal_walls, serial_shops, nicolae_shop_trees,
          shop, nicolae_shop_statue_plus, nicolae_shop_stone, shop, uniq_robin

Skill      XL: |  1  2 |
---------------+-------+-----
Dodging        | 3 |  3.1
Fighting       | |  0.5
Short Blades   | |  1.5
Stealth        | |  4.7
Spellcasting   | |  2.9
Hexes          | |  3.8

Action                   || total
-------------------------++-------
Melee: Dagger            ||    60
       Punch             ||     1
 Cast: Ensorcelled Hiber ||     2
 Stab: Sleeping          ||     7
Armor: Robe              ||     2
Dodge: Dodged            ||    43

Table legend: (Time is in decaauts)
 A = Elapsed time spent in this place.
 B = Non-inter-level travel time spent in this place.
 C = Inter-level travel time spent in this place.
 D = Time resting spent in this place.
 E = Time spent auto-exploring this place.
 F = Levels seen in this place.
 G = Mean time per level.
                   A        B        C        D        E       F      G
               +--------+--------+--------+--------+--------+-----+--------+
         Total |    976 |    945 |     31 |      0 |    776 |   3 |  325.3 |
       Dungeon |    976 |    945 |     31 |      0 |    776 |   3 |  325.3 |
               +--------+--------+--------+--------+--------+-----+--------+

Top non-repeatable levels by time:
     D:1: 537 daAuts
     D:2: 429 daAuts
     D:3: 9 daAuts
